 Dungeon Crawl Stone Soup version 0.22-a0-377-g846bec1 (webtiles) character file.

86 CanOfBees the Grave Robber (level 4, 0/48 HPs)
             Began as a Demonspawn Necromancer on Apr 27, 2018.
             Succumbed to a worker ant's poison
             ... on level 3 of the Dungeon.
             The game lasted 00:07:08 (3238 turns).

CanOfBees the Grave Robber (Demonspawn Necromancer) Turns: 3238, Time: 00:07:08

Health: 0/48       AC: 22    Str:  8    XL:     4   Next: 26%
Magic:  9/9        EV:  2    Int: 18    God:
Gold:   151        SH:  0    Dex: 13    Spells: 4/9 levels left

rFire    . . .     SeeInvis .   j - +0 short sword
rCold    . . .     Gourm    .   (no shield)
rNeg     + + +     Faith    .   (armour currently unavailable)
rPois    +         Spirit   .   (helmet currently unavailable)
rElec    .         Reflect  .   (cloak currently unavailable)
rCorr    .         Harm     .   (gloves currently unavailable)
MR       .....     NoTele   +   (boots currently unavailable)
Stlth    ++........             (no amulet)
HPRegen  0.16/turn              (no ring)
MPRegen  0.11/turn              (no ring)

@: lethally poisoned (0 -> -4), tree-form
A: flame cloud immunity
a: no special abilities


You were on level 3 of the Dungeon.
You were hungry.
You were a tree.
You visited 1 branch of the dungeon, and saw 3 of its levels.

You collected 151 gold pieces.

Inventory:

Hand Weapons
 j - a +0 short sword (weapon)
Missiles
 d - 9 poisoned needles
Armour
 a - a +0 robe (melded)
 l - a scarf of cloud immunity (melded)
Scrolls
 b - 2 scrolls of identify
 e - a scroll of teleportation {unknown}
 f - a scroll of amnesia {unknown}
 h - a scroll of immolation
 i - a scroll of remove curse
Comestibles
 c - 5 rations


   Skills:
 + Level 1.6 Fighting
 - Level 1.7 Dodging
 - Level 1.7 Stealth
 * Level 3.4 Spellcasting
 + Level 4.9 Necromancy


You had 4 spell levels left.
You knew the following spells:

 Your Spells              Type           Power        Failure   Level  Hunger
a - Pain                  Necr           ###.         1%          1    None
b - Animate Skeleton      Necr           N/A          1%          1    None
c - Vampiric Draining     Necr           ###.......   6%          3    ###....


Dungeon Overview and Level Annotations

Branches:
Dungeon (3/15)

Altars:
Nemelex Xobeh
Ru


Innate Abilities, Weirdness & Mutations

((You have a pair of small antennae on your head.))
((Your flesh is heat resistant. (rF+)))
You are immune to clouds of flame.


Message History

* * * LOW HITPOINT WARNING * * *
As you read the scroll labeled VEECRE WEALUW, it crumbles to dust.
The creatures around you are filled with an inner flame!
It was a scroll of immolation.
The worker ant closely misses you.
As you read the scroll labeled FEHANEQEKH, it crumbles to dust.
You feel blessed for a moment.
It was a scroll of remove curse.
The worker ant misses you. The worker ant bites you.
* * * LOW HITPOINT WARNING * * *
It was a potion of flight.
You feel very buoyant.
You fly up into the air.
The worker ant bites you!
* * * LOW HITPOINT WARNING * * *
You are lethally poisoned!
The worker ant poisons you!
It was a potion of lignification.
You turn into a tree.
Your scarf of cloud immunity melds into your body.
Your +0 robe melds into your body.
You feel vulnerable to the effects of clouds.
Your roots penetrate the ground.
You die...

# ... ##........ #.###
#%###.........
....###.............
#...###.#.........
#.......#..[..).
##...<.......... #.
##..##...........
#...####.......#........
#....a♣.#.##.##........
#.##.####.##.##........
... #.##........... ####
#$#####..%....[
.......#.......
.......#....##.
.....>........
.......###... ......#
#<#.


You could see a worker ant (inner flame).

Vanquished Creatures
  4 adders (D:2)
  A shadow imp (D:2)
  A dart slug (D:1)
  A leopard gecko (D:1)
  2 giant cockroaches (D:1)
  3 hobgoblins
  8 kobolds
  A quokka (D:2)
  5 bats
  6 frilled lizards
  3 goblins
  7 rats
42 creatures vanquished.

Vanquished Creatures (collateral kills)
  A bat (D:1)
  2 giant cockroaches
  A goblin (D:1)
  A kobold (D:1)
  A ball python (D:1)
6 creatures vanquished.

Grand Total: 48 creatures vanquished

Notes
Turn   | Place    | Note
-------+----------+-------------------------------------------
     0 | D:1      | CanOfBees the Demonspawn Necromancer began the quest for the Orb.
     0 | D:1      | Reached XP level 1. HP: 13/13 MP: 3/3
   319 | D:1      | Learned a level 1 spell: Animate Skeleton
   565 | D:1      | Gained mutation: Your flesh is heat resistant. (rF+) [demonic ancestry]
   565 | D:1      | Reached XP level 2. HP: 20/20 MP: 5/5
  1599 | D:1      | Reached skill level 1 in Fighting
  1797 | D:2      | Gained mutation: You are immune to clouds of flame. [demonic ancestry]
  1797 | D:2      | Reached XP level 3. HP: 25/26 MP: 4/7
  1921 | D:2      | Found a sparkling altar of Nemelex Xobeh.
  2386 | D:2      | Gained mutation: You have a pair of small antennae on your head. [demonic ancestry]
  2386 | D:2      | Reached XP level 4. HP: 7/32 MP: 5/8
  2741 | D:2      | Found a sacrificial altar of Ru.
  3096 | D:3      | Learned a level 3 spell: Vampiric Draining
  3237 | D:3      | HP: 1/32 [worker ant (7)]
  3238 | D:3      | Succumbed to a worker ant's poison

Vault maps used:
D:1:      dpeg_arrival_stonehenge_12_columns
D:2:      minmay_diamond_boxcup, nicolae_ru_sacrificial_ziggurat,
          nemelex_altar_shiori

Skill      XL: |  1  2  3 |
---------------+----------+-----
Fighting       | 1 |  1.6
Spellcasting   | 3 |  3.4
Dodging        | |  1.7
Stealth        | |  1.7
Necromancy     | |  4.9

Action                   |  1- 3 |  4- 6 || total
-------------------------+-------+-------++-------
Melee: Dagger            |    60 |       ||    60
       Short sword       |    79 |    21 ||   100
 Cast: Pain              |    16 |     7 ||    23
       Animate Skeleton  |     8 |     5 ||    13
  Use: Potion            |     2 |     3 ||     5
       Scroll            |       |     3 ||     3
 Stab: Sleeping          |     2 |     1 ||     3
       Distracted        |     1 |       ||     1
  Eat: Chunk             |     5 |     2 ||     7
Armor: Robe              |    41 |     3 ||    44
Dodge: Dodged            |    97 |    17 ||   114

Table legend:
 A = Spawn XP
 B = Non-spawn XP
 C = Spawn XP percentage of total XP
 D = Spawn monster count
 E = Non-spawn monster count
 F = Spawn count percentage of total count
 G = Total turns spent on level
                    A         B        C        D         E        F      G
               +---------+---------+-------+---------+---------+-------+---------
         Total |       0 |     123 |   0.0 |       0 |      48 |   0.0 |  3238
               +---------+---------+-------+---------+---------+-------+---------
           D:1 |       0 |      37 |   0.0 |       0 |      24 |   0.0 |  1702
           D:2 |       0 |      84 |   0.0 |       0 |      22 |   0.0 |  1382
           D:3 |       0 |       2 |   0.0 |       0 |       2 |   0.0 |   154
               +---------+---------+-------+---------+---------+-------+---------
